 Dungeon Crawl Stone Soup version 0.30.0-13-g156ef70053 (webtiles) character file.

Game seed: 4400630943977227539

472 browni3141 the Chopper (level 6, 0/56 HPs)
             Began as a Minotaur Fighter on May 17, 2023.
             Slain by a black bear (3 damage)
             ... on level 4 of the Dungeon.
             The game lasted 00:01:12 (2311 turns).

browni3141 the Chopper (Minotaur Fighter)           Turns: 2311, Time: 00:01:12

Health: 0/56       AC:  7    Str: 26    XL:     6   Next: 83%
Magic:  5/5        EV: 11    Int:  5    God:
Gold:   143        SH:  5    Dex: 12    Spells: 5/5 levels left

rFire   . . .        a - +0 war axe
rCold   . . .        c - +0 buckler
rNeg    . . .        b - +0 scale mail
rPois   .            (helmet restricted)
rElec   .            (no cloak)
rCorr   .            (no gloves)
SInv    .            (no boots)
Will    .....        (no amulet) Stlth
                     P - +6 ring of strength
HPRegen 0.29/turn    (no ring)
MPRegen 0.09/turn

%: no passive effects
@: no status effects
A: horns 2, retaliatory headbutt
a: no special abilities


You were on level 4 of the Dungeon.
You visited 1 branch of the dungeon, and saw 4 of its levels.

You collected 143 gold pieces.

Inventory:

Hand Weapons
 a - a +0 war axe (weapon)
Armour
 b - a +0 scale mail (worn)
 c - a +0 buckler (worn)
Jewellery
 P - a +6 ring of strength (left hand)
Wands
 W - a wand of light (4)
Scrolls
 L - a scroll of amnesia {unknown}
 N - a scroll of fear
 Q - a scroll of teleportation
 S - a scroll of vulnerability
 V - a scroll of butterflies
Potions
 M - a potion of might
 O - 2 potions of degeneration {unknown}
 R - 3 potions of curing {unknown}
 T - a potion of magic {unknown}
 U - a potion of heal wounds {unknown}
 X - 2 potions of brilliance {unknown}
 Y - 2 potions of haste {unknown}
 Z - 3 potions of mutation {unknown}


   Skills:
 + Level 5.0 Fighting
 * Level 5.5 Axes
 + Level 5.1 Armour
 + Level 2.8 Dodging
 + Level 5.0 Shields


You had 5 spell levels left.
You didn't know any spells.
Your spell library contained the following spells:

 Spells                   Type           Power      Damage    Failure   Level
 Freeze                   Ice            0%         1d3       80%         1
 Ensorcelled Hibernation  Hex/Ice        0%         N/A       91%         2
 Passwall                 Tmut/Erth      0%         N/A       91%         2
 Frozen Ramparts          Ice            0%         1d1       99%         3
 Hailstorm                Conj/Ice       0%         3d3       99%         3
 Swiftness                Air            0%         N/A       99%         3


Dungeon Overview and Level Annotations

Branches:
Dungeon (4/15)
 Temple: D:4-7

Altars:
Xom
Yredelemnul

Annotations:
D:3 1 runed translucent door


Innate Abilities, Weirdness & Mutations

You have a pair of horns on your head.
You reflexively headbutt those who attack you in melee.


Message History

The worm bites you.
You slash the worm!
The worm is severely wounded.
The worm closely misses you.
You slash the worm!
You kill the worm!
No target in view!
You see here a worm corpse.
No target in view!
A bullfrog comes into view.
The bullfrog gives a loud, deep croak!
A bullfrog is nearby!
Blork the orc comes into view.
He is wielding a +3 war axe of freezing.
Blork the orc shouts!
There are monsters nearby!
You barely miss the bullfrog. The bullfrog completely misses you.
You furiously retaliate!
You headbutt the bullfrog!
Blork the orc gestures wildly while chanting.
Blork the orc seems to speed up.
The bullfrog barely misses you. You furiously retaliate!
You headbutt the bullfrog.
Blork the orc looks satisfied for a moment.
You hear an angry growl.
You hit the bullfrog. Your headbutt misses the bullfrog.
The bullfrog is heavily wounded.
The bullfrog hits you. The bullfrog barely misses you.
A black bear comes into view.
You barely miss the bullfrog.
The bullfrog is heavily wounded.
The bullfrog hits you but does no damage.
You block the bullfrog's attack.
You slash the bullfrog! Your headbutt misses the bullfrog.
The bullfrog is almost dead.
Blork the orc screams, "I don't like you!"
The bullfrog hits you but does no damage.
The bullfrog barely misses you. You furiously retaliate!
You headbutt the bullfrog.
You kill the bullfrog!
Blork the orc hits you with a +3 war axe of freezing.
Blork the orc freezes you.
Your Axes skill increases to level 5!
You have reached level 6!
You closely miss Blork the orc. You headbutt Blork the orc.
Blork the orc is lightly wounded.
You block Blork the orc's attack.
You slash Blork the orc! You headbutt Blork the orc!
Blork the orc is almost dead.
Blork the orc barely misses you.
Blork the orc hits you but does no damage.
You closely miss Blork the orc.
Blork the orc is almost dead.
Blork the orc hits you with a +3 war axe of freezing!
Blork the orc freezes you.
Blork the orc hits you with a +3 war axe of freezing.
Blork the orc freezes you.
You hit Blork the orc but do no damage. Your headbutt misses Blork the orc.
Blork the orc is almost dead.
You slash the black bear!
Blork the orc hits you but does no damage.
The black bear bites you but does no damage.
The black bear claws you.
The black bear claws you but does no damage.
Blork the orc gestures at you while chanting.
The magic dart hits you! The black bear bites you.
The black bear claws you but does no damage.
The black bear barely misses you.
A black bear comes into view.
The black bear growls angrily.
You hit Blork the orc but do no damage.
Blork the orc is almost dead.
You hit the black bear.
Blork the orc casts a cantrip, but nothing happens.
The black bear barely misses you. The black bear claws you.
The black bear barely misses you.
Blork the orc hits you with a +3 war axe of freezing.
Blork the orc freezes you.
You slash Blork the orc!
You kill Blork the orc!
You hit the black bear but do no damage.
The black bear bites you.
The black bear claws you but does no damage. x2
You completely miss the black bear.
The black bear is moderately wounded.
The black bear completely misses you. You block the black bear's attack.
The black bear closely misses you.
You hit the black bear. You headbutt the black bear.
The black bear is severely wounded.
The black bear closely misses you. You block the black bear's attack.
The black bear claws you. The black bear completely misses you.
You furiously retaliate!
You headbutt the black bear. The black bear barely misses you.
You block the black bear's attack.
You slash the black bear!
You kill the black bear!
Your Fighting skill increases to level 5!
Your Armour skill increases to level 5!
Your Shields skill increases to level 5!
You hit the black bear. You headbutt the black bear.
The black bear is lightly wounded.
An iguana comes into view.
The black bear bites you.
You die...

#######...#####
##.####...##............
...........+............
...........#............
...........#............
...........#............
...........#...........l
#####.##...#....)h......
...##.##...#....@#
...........#.....#
...........#.....#
...........#.....#
......######.....#
......#..........#
......#.....######
......#.....#
......'†....#


You could see a black bear and an iguana (wandering).

Vanquished Creatures
  A black bear (D:4)
  Blork the orc (D:4)
  A bullfrog (D:4)
  Jessica (D:3)
  Terence (D:3)
  Ijyb (D:3)
  6 gnolls
  3 adders (D:3)
  A worm (D:4)
  4 dart slugs (D:1)
  6 bats
  8 endoplasms
  3 giant cockroaches
  9 goblins
  4 hobgoblins
  6 jackals
  5 kobolds
  5 quokkas
  8 ball pythons
  3 frilled lizards
  A goblin skeleton (D:3)
  5 rats
  A butterfly (D:3)
84 creatures vanquished.

Notes
Turn   | Place    | Note
-------+----------+-------------------------------------------
     0 | D:1      | browni3141 the Minotaur Fighter began the quest for the
                  | Orb.
     0 | D:1      | Reached XP level 1. HP: 19/19 MP: 0/0
   123 | D:1      | Found a faded altar of an unknown god.
   202 | D:1      | Reached XP level 2. HP: 26/27 MP: 1/1
   218 | D:1      | Reached skill level 3 in Axes
   224 | D:1      | Reached XP level 3. HP: 21/33 MP: 2/2
   916 | D:2      | Reached XP level 4. HP: 32/40 MP: 3/3
  1495 | D:3      | Noticed Ijyb
  1504 | D:3      | Killed Ijyb
  1505 | D:3      | Reached XP level 5. HP: 16/47 MP: 4/4
  1756 | D:3      | Found a shimmering altar of Xom.
  2037 | D:3      | Found a runed translucent door.
  2037 | D:3      | Noticed a human
  2037 | D:3      | Noticed Terence
  2039 | D:3      | Noticed Jessica
  2040 | D:3      | Killed Terence
  2043 | D:3      | Killed Jessica
  2053 | D:3      | Found a basalt altar of Yredelemnul.
  2296 | D:4      | Noticed Blork the orc
  2299 | D:4      | Noticed a black bear
  2302 | D:4      | Reached XP level 6. HP: 48/55 MP: 5/5
  2307 | D:4      | Killed Blork the orc
  2309 | D:4      | HP: 2/55 [black bear (3)]
  2311 | D:4      | Slain by a black bear

Illustrated notes

Levels and vault maps discovered:
D:1:      dpeg_arrival_prison, layout_loops_ring,
          ebering_ecumenical_altar_abandoned, minmay_misc_feat_diagonals,
          kennysheep_another_room, st_stairs_10, wad_floor_pattern_1
D:2:      layout_basic
D:3:      layout_loops_ring, xom_butterflies, dk_yredelemnul_ordeal,
          uniq_jessica, uniq_ijyb, uniq_terence
D:4:      layout_gridville, trog_ov_bears_minmay, mainiacjoe_overflow_boulevard,
          uniq_blork_the_orc, uniq_pikel

Skill      XL: |  1  2  3  4  5  6 |
---------------+-------------------+-----
Axes           | 3 4 5 |  5.5
Fighting       | 4 5 |  5.0
Dodging        | 1 2 |  2.8
Shields        | 4 5 |  5.0
Armour         | 4 5 |  5.1

Action                     |  1- 3 |  4- 6 || total
---------------------------+-------+-------++-------
  Melee: War axe           |    64 |   101 ||   165
         Headbutt          |     6 |    17 ||    23
    Use: Scroll            |       |     4 ||     4
 Armour: Scale mail        |    39 |    54 ||    93
  Dodge: Dodged            |    26 |    62 ||    88
  Block: Buckler           |    18 |    30 ||    48
